 Dungeon Crawl Stone Soup version 0.31.0-11-ge490571c62 (webtiles) character file.

Game seed: 4529445870140833869

557 qw the Skirmisher (level 7, -5/40 HPs)
             Began as a Deep Elf Hunter on Feb 3, 2024.
             Slain by an orc warrior
             ... wielding a +0 scimitar
              (11 damage)
             ... on level 5 of the Dungeon.
             The game lasted 00:00:13 (2770 turns).

qw the Skirmisher (Deep Elf Hunter)                 Turns: 2770, Time: 00:00:13

Health: -5/40      AC:  8    Str:  9    XL:     7   Next: 9%
Magic:  9/9        EV: 11    Int: 18    God:
Gold:   188        SH:  0    Dex: 17    Spells: 6/6 levels left

rFire   . . .        a - +0 shortbow
rCold   . . .        (shield currently unavailable)
rNeg    . . .        l - +0 ring mail
rPois   .            (no helmet)
rElec   .            (no cloak)
rCorr   .            i - +1 pair of gloves
SInv    .            g - +0 pair of boots
Will    .....        j - amulet of regeneration
Stlth   +            (no ring)
HPRegen 1.06/turn    (no ring)
MPRegen 0.11/turn

%: no passive effects
@: no status effects
A: clever 1
a: no special abilities


You were on level 5 of the Dungeon.
You visited 1 branch of the dungeon, and saw 5 of its levels.

You collected 188 gold pieces.


Innate Abilities, Weirdness & Mutations

Your mind is acute. (Int +4, Str/Dex -1)


   Skills:
 - Level 2.2 Fighting
 + Level 10.1 Ranged Weapons
 - Level 1.0 Armour
 - Level 4.1 Dodging
 - Level 1.2 Stealth


You had 6 spell levels left.
You didn't know any spells.
Your spell library was empty.

Inventory:

Hand Weapons
 a - a +0 shortbow (weapon)
Armour
 g - a +0 pair of boots (worn)
 i - a +1 pair of gloves (worn)
 l - a +0 ring mail (worn)
Jewellery
 j - an amulet of regeneration (around neck)
Wands
 k - a wand of polymorph (9)
Potions
 d - a potion of haste {unknown}
 e - a potion of degeneration {unknown}
 f - 2 potions of curing
 h - a potion of resistance
 m - a potion of berserk rage {unknown}
 o - a potion of might {unknown}

Dungeon Overview and Level Annotations

Branches:
Dungeon (5/15)
 Temple: D:4-7

Altars:
Makhleb


Message History

The orc moves out of view.
You hear a shout!
You shoot an arrow. The orc warrior shouts!
The arrow hits the orc!
You kill the orc!
An orc wizard comes into view. It is wielding a +0 dagger.
You shoot an arrow. The arrow hits the orc warrior.
The orc warrior is lightly wounded.
You shoot an arrow.
The arrow closely misses the orc warrior.
The orc wizard mumbles some strange words.
The orc wizard flickers and vanishes!
Deactivating autopickup; reactivate with Ctrl-A.
An orc comes into view. It is wielding a +0 mace.
You shoot an arrow.
The arrow hits the orc warrior but does no damage.
The orc warrior is lightly wounded.
You shoot an arrow.
The arrow hits the orc warrior but does no damage.
The orc warrior is lightly wounded.
The orc warrior closely misses you.
You shoot an arrow. The arrow hits the orc warrior.
The orc warrior is lightly wounded.
The orc warrior hits you with a +0 scimitar! x2
You shoot an arrow. The arrow hits the orc warrior.
The orc warrior is lightly wounded.
You shoot an arrow.
The arrow closely misses the orc warrior.
Something hits you but does no damage.
The orc warrior hits you with a +0 scimitar.
You shoot an arrow.
The arrow closely misses the orc warrior.
Something hits you but does no damage. The orc hits you with a +0 short sword.
The orc warrior hits you with a +0 scimitar!
You shoot an arrow. The arrow hits the orc warrior.
The orc warrior is moderately wounded.
The orc hits you with a +0 short sword.
The orc warrior hits you with a +0 scimitar!
You die...

# #.....###.....# .
#.##.............# .#
.................#.#
.........%.........
#......<........##...
#.......#............
..........#...##.....
...#.#...####...# ..
#.##....o@.### . .
.......o## .
.....<..o#
.............
.........#) .......
.. ....... #. ......#
..


You could see an orc warrior and 2 orcs.

Vanquished Creatures
  Sigmund (D:3)
  Menkaure (D:4)
  An orc priest (D:3)
  Jessica (D:2)
  An iguana (D:4)
  Natasha (thrice) (D:3)
  An orc wizard (D:3)
  4 adders
  3 dart slugs
  7 orcs
  6 endoplasms
  A giant cockroach (D:1)
  6 goblins
  5 hobgoblins
  2 jackals (D:1)
  10 ball pythons
  4 bats
  5 frilled lizards
  4 kobolds
  3 rats
69 creatures vanquished.

Notes
Turn   | Place    | Note
-------+----------+-------------------------------------------
     0 | D:1      | qw the Deep Elf Hunter began the quest for the Orb.
     0 | D:1      | Reached XP level 1. HP: 12/12 MP: 3/3
     0 | D:1      | 0 ||| qw: Version: 0.3-a-157-g843a77d
     0 | D:1      | 0 ||| qw: Game counter: 3767
     0 | D:1      | 0 ||| qw: Melee chars always use a shield: true
     0 | D:1      | 0 ||| qw: God list: Okawaru
     0 | D:1      | 0 ||| qw: Allow faded altars: false
     0 | D:1      | 0 ||| qw: Do Orc after clearing Dungeon:15 true
     0 | D:1      | 0 ||| qw: Do second Lair branch before Depths: true
     0 | D:1      | 0 ||| qw: Lair rune preference: random
     0 | D:1      | 0 ||| qw: Goals: Normal
     0 | D:1      | 0 ||| PLANNING D:1-11
    24 | D:1      | HP: 1/12 [frozen (5)]
   160 | D:1      | Reached XP level 2. HP: 16/16 MP: 4/4
   163 | D:1      | Reached skill level 6 in Ranged Weapons
   427 | D:1      | Found a faded altar of an unknown god.
   686 | D:1      | 686 ||| UPGRADING to +0 pair of gloves.
   691 | D:1      | 691 ||| UPGRADING to +0 ring mail.
   701 | D:1      | 701 ||| DROPPING +0 leather armour.
   702 | D:1      | 702 ||| READING scroll labelled DUT KILARIUSO.
   703 | D:1      | 703 ||| READING 2 scrolls labelled SASTIR WEHI.
   703 | D:1      | 703 ||| IDENTIFYING glowing coppery potion
   704 | D:1      | 704 ||| READING scroll of identify.
   704 | D:1      | 704 ||| IDENTIFYING 2 fizzy red potions
   705 | D:1      | 705 ||| READING scroll labelled JECOLU HURPH.
   706 | D:1      | 706 ||| READING scroll labelled NEEG XAVIDAAGAF.
   707 | D:1      | 707 ||| DRINKING 3 blue potions.
   708 | D:1      | 708 ||| DROPPING scroll of butterflies.
   709 | D:1      | 709 ||| DROPPING 2 potions of brilliance.
   729 | D:2      | 729 ||| STAIRDANCE
   733 | D:2      | 733 ||| STAIRDANCE
   742 | D:2      | 742 ||| STAIRDANCE
   748 | D:1      | Reached XP level 3. HP: 20/20 MP: 5/5
   998 | D:2      | Noticed Jessica
  1000 | D:2      | Killed Jessica
  1001 | D:2      | Reached skill level 7 in Ranged Weapons
  1020 | D:2      | Reached XP level 4. HP: 21/25 MP: 6/6
  1366 | D:2      | 1366 ||| UPGRADING to +0 pair of boots.
  1371 | D:2      | 1371 ||| UPGRADING to amulet of regeneration.
  1376 | D:2      | 1376 ||| READING 2 scrolls of identify.
  1376 | D:2      | 1376 ||| IDENTIFYING scroll labelled COXIDW KOMPA
  1377 | D:2      | 1377 ||| READING scroll of identify.
  1377 | D:2      | 1377 ||| IDENTIFYING scroll labelled EWKODO NELAE
  1378 | D:2      | 1378 ||| READING scroll labelled FICEEW NOTI.
  1379 | D:2      | 1379 ||| DROPPING scroll of fear.
  1519 | D:3      | Noticed Natasha
  1526 | D:3      | Killed Natasha
  1527 | D:3      | Reached skill level 8 in Ranged Weapons
  1567 | D:3      | 1567 ||| DRINKING 3 potions of curing.
  1567 | D:3      | 1567 ||| (to cure confusion)
  1573 | D:3      | HP: 6/25 [orc priest/+0 flail (4)]
  1574 | D:3      | 1574 ||| READING scroll of teleportation.
  1577 | D:3      | Reached XP level 5. HP: 10/29 MP: 7/7
  1663 | D:3      | Noticed Sigmund
  1674 | D:3      | Killed Sigmund
  1675 | D:3      | Reached skill level 10 in Ranged Weapons
  1675 | D:3      | Reached XP level 6. HP: 12/34 MP: 8/8
  1772 | D:3      | Noticed Natasha
  1781 | D:3      | Killed Natasha
  1893 | D:3      | Noticed Natasha
  1897 | D:3      | Killed Natasha
  1954 | D:3      | 1954 ||| READING scroll of identify.
  1954 | D:3      | 1954 ||| IDENTIFYING ruby potion
  1955 | D:3      | 1955 ||| READING scroll labelled ENOCOU ASTROOSH.
  1955 | D:3      | 1955 ||| ENCHANTING +0 pair of gloves.
  1956 | D:3      | 1956 ||| DROPPING potion of invisibility.
  2018 | D:4      | Reached skill level 1 in Armour
  2120 | D:4      | Found a burning altar of Makhleb.
  2456 | D:4      | Noticed Menkaure
  2463 | D:4      | Killed Menkaure
  2464 | D:4      | Reached XP level 7. HP: 40/40 MP: 9/9
  2698 | D:4      | 2698 ||| READING scroll of identify.
  2698 | D:4      | 2698 ||| IDENTIFYING clear potion
  2699 | D:4      | 2699 ||| DRINKING 2 fizzy dark potions.
  2699 | D:4      | Gained mutation: You have supernaturally acute eyesight.
                  | (SInv) [potion of mutation]
  2699 | D:4      | Gained mutation: You are frail. (-10% HP) [potion of
                  | mutation]
  2699 | D:4      | Gained mutation: You are agile. (Dex +4, Str/Int -1)
                  | [potion of mutation]
  2700 | D:4      | 2700 ||| DRINKING potion of mutation.
  2700 | D:4      | Lost mutation: You are frail. (-10% HP) [potion of
                  | mutation]
  2700 | D:4      | Lost mutation: You have supernaturally acute eyesight.
                  | (SInv) [potion of mutation]
  2700 | D:4      | Lost mutation: You are agile. (Dex +4, Str/Int -1) [potion
                  | of mutation]
  2700 | D:4      | Gained mutation: You are vulnerable to cold. (rC-) [potion
                  | of mutation]
  2700 | D:4      | Gained mutation: Your mind is acute. (Int +4, Str/Dex -1)
                  | [potion of mutation]
  2700 | D:4      | Lost mutation: You are vulnerable to cold. (rC-) [potion of
                  | mutation]
  2704 | D:4      | 2704 ||| DROPPING potion of attraction.
  2739 | D:5      | Entered Level 5 of the Dungeon
  2769 | D:5      | HP: 7/40 [orc warrior/+0 scimitar (8)]
  2770 | D:5      | Slain by an orc warrior

Levels and vault maps discovered:
D:1:      scummos_arrival_hexagon, layout_rooms, basic_ecumenical_altar,
          nicolae_eternal_life, solitary_fountain
D:2:      layout_loops_ring, st_stairs_10, uniq_jessica
D:3:      layout_rooms, kennysheep_nondescript, uniq_natasha, uniq_sigmund
D:4:      layout_gridville, amcnicky_altar_gilded, uniq_menkaure
D:5:      layout_cave_pools, lemuel_temple_firewalk_a, minivault_11,
          minivault_25, uniq_crazy_yiuf_cottage

Skill      XL: |  1  2  3  4  5  6 |
---------------+-------------------+-----
Ranged Weapons | 6 7 8 10 | 10.1
Fighting       | 2 |  2.2
Armour         | 1 |  1.0
Dodging        | 4 |  4.1
Stealth        | |  1.2

Action                     |  1- 3 |  4- 6 |  7- 9 || total
---------------------------+-------+-------+-------++-------
   Fire: Shortbow          |    94 |   131 |    40 ||   265
    Use: Scroll            |     5 |     6 |     1 ||    12
         Potion            |     1 |     1 |     2 ||     4
 Armour: Leather armour    |    12 |       |       ||    12
         Ring mail         |    32 |    27 |    22 ||    81
  Dodge: Dodged            |    24 |    33 |    11 ||    68

Table legend:
 A = Non-vault XP
 B = Vault XP
 C = Vault XP percentage of total XP
 D = Non-vault monster count
 E = Vault monster count
 F = Vault count percentage of total count
                 A         B        C        D         E       F
            +---------+---------+-------+---------+---------+-------
      Total |     335 |     462 |  58.0 |      63 |       6 |   8.7
            +---------+---------+-------+---------+---------+-------
        D:1 |      42 |       0 |   0.0 |      25 |       0 |   0.0
        D:2 |      30 |      41 |  57.7 |      10 |       3 |  23.1
        D:3 |     180 |     249 |  58.0 |      16 |       2 |  11.1
        D:4 |      67 |     172 |  72.0 |      10 |       1 |   9.1
        D:5 |      16 |       0 |   0.0 |       2 |       0 |   0.0
            +---------+---------+-------+---------+---------+-------
